 Dungeon Crawl Stone Soup version 0.23.2-30-g0e89c35649 (webtiles) character file.

Game seed: 4353913379717443653

3094 TheTootler the Poker (level 9, -2/78 HPs)
             Began as a Hill Orc Berserker on June 8, 2019.
             Was an Elder of Trog.
             Slain by a hellwing (4 damage)
             ... on level 7 of the Dungeon.
             The game lasted 00:21:37 (5804 turns).

TheTootler the Poker (Hill Orc Berserker)           Turns: 5804, Time: 00:21:38

Health: -2/78      AC: 20    Str: 23 (24) XL:     9   Next: 90%
Magic:  9/9        EV: 11    Int:  4 (5)  God:    Trog [****..]
Gold:   352        SH: 19    Dex: 17 (20) Spells: 8/8 levels left

rFire    + . .     SeeInvis .   b - +7 trident "Avuri" {drain, -Tele rC++ Dex+2 Stlth+}
rCold    + + .     Gourm    .   A - +0 large shield
rNeg     . . .     Faith    .   j - +0 chain mail
rPois    .         Spirit   .   l - +2 helmet
rElec    .         Reflect  +   m - +0 cloak {MR+}
rCorr    .         Harm     .   (no gloves)
MR       ++...     NoTele   +   s - +0 pair of boots
Stlth    +.........             e - +3 amulet of reflection
HPRegen  0.23/turn              g - +4 ring of strength
MPRegen  0.11/turn              D - +4 ring of protection

@: agile, berserk cooldown
A: dopey 1, fire resistance 1, magic resistance 1
a: Berserk, Trog's Hand, Brothers in Arms, Renounce Religion


You were on level 7 of the Dungeon.
You worshipped Trog.
Trog was greatly pleased with you.
You were not hungry.

You visited 1 branch of the dungeon, and saw 7 of its levels.

You collected 352 gold pieces.

Inventory:

Hand Weapons
 a - a +1 mace
 b - the +7 trident "Avuri" (weapon) {drain, -Tele rC++ Dex+2 Stlth+}
   (You found it on level 4 of the Dungeon)

   A truly terrible weapon, it drains the life of those it strikes.
   It affects your dexterity (+2).
   It greatly protects you from cold.
   It prevents most forms of teleportation.
   It makes you more stealthy.
Armour
 j - a +0 chain mail (worn)
 l - a +2 helmet (worn)
 m - a +0 cloak of magic resistance (worn)
 s - a +0 pair of boots (worn)
 A - a +0 large shield (worn)
Jewellery
 e - a +3 amulet of reflection (around neck)
 g - a +4 ring of strength (left hand)
 z - an uncursed ring of fire
 C - an uncursed ring of flight
 D - a +4 ring of protection (right hand)
Wands
 n - a wand of clouds (3)
 p - a wand of flame (8)
 v - a wand of paralysis (9)
 x - a wand of disintegration (18)
 y - a wand of polymorph (8)
Scrolls
 d - 4 scrolls of remove curse
 k - 7 scrolls of teleportation
 o - 3 scrolls of identify
 t - a scroll of enchant weapon
 B - a scroll of silence {unknown}
Potions
 f - 2 potions of brilliance
 h - 2 potions of lignification
 u - 2 potions of haste
Comestibles
 c - 3 rations


   Skills:
 + Level 6.8 Fighting
 + Level 5.9 Maces & Flails
 + Level 7.2 Polearms
 + Level 7.0 Armour
 + Level 3.3 Dodging
 + Level 0.3 Stealth
 + Level 6.8 Shields


You had 8 spell levels left.
You didn't know any spells.
Your spell library was empty.

Dungeon Overview and Level Annotations

Branches:
Dungeon (7/15)             Temple (0/1) D:4

Altars:
Elyvilon
Xom
The Shining One


Innate Abilities, Weirdness & Mutations

You are dopey. (Int -2)
Your flesh is heat resistant. (rF+)
You are resistant to hostile enchantments. (MR+)


Message History

There was something very wrong with that liquid.
You feel weakened.
You feel dopey.
You feel clumsy.
The centaur warrior skeleton hits you but does no damage.
The hellwing barely misses you. You block the hellwing's attack.
You block the centaur warrior skeleton's attack.
You hit the centaur warrior skeleton.
The centaur warrior skeleton is heavily damaged.
The hellwing hits you but does no damage.
You block the hellwing's attack.
The centaur warrior skeleton closely misses you.
You puncture the centaur warrior skeleton!
The centaur warrior skeleton is heavily damaged.
You block the centaur warrior skeleton's attack.
You block the hellwing's attack. The hellwing hits you.
* * * LOW HITPOINT WARNING * * *
Your shield and chain mail prevent you from hitting the centaur warrior skeleton.
The centaur warrior skeleton is heavily damaged.
You block the centaur warrior skeleton's attack.
The hellwing hits you.
You die...

.# #.# #.# ...
.#####################.#
......4@ZZZ55>..........
..###########....#####.#
#......Z....
#.....##55.5
#(#<#.##..#Z
#.#.#.##..#.
#.#.#.##..#$
#.#.#.#...#.
#.#.#.#####.


You could see a hellwing, 2 shadow imps, a wyvern zombie and 2 centaur warrior
skeletons.

Vanquished Creatures
  A centaur skeleton (D:7)
  2 redback zombies (D:7)
  A hellwing (D:7)
  Prince Ribbit (D:6)
  An ice beast (D:6)
  A black bear (D:6)
  2 centaurs (D:6)
  An ogre (D:6)
  A bullfrog (D:5)
  A scorpion (D:6)
  5 wights (D:4)
  2 howler monkeys
  3 crimson imps
  A bullfrog zombie (D:6)
  Crazy Yiuf (D:2)
  6 orc priests
  3 hounds
  4 orc wizards
  Jessica (D:2)
  Ijyb (D:5)
  Natasha (thrice) (D:3)
  2 iguanas (D:4)
  3 worker ants
  A killer bee zombie (D:6)
  A hound skeleton (D:6)
  A worker ant zombie (D:6)
  10 adders
  A howler monkey skeleton (D:5)
  2 shadow imps
  An ooze (D:2)
  An adder skeleton (D:4)
  5 worms
  3 dart slugs
  6 leopard geckos
  26 orcs
  A ball python (D:4)
  6 bats
  6 giant cockroaches
  4 goblins
  5 hobgoblins
  3 jackals (D:3)
  8 kobolds
  5 quokkas
  A ball python skeleton (D:4)
  5 frilled lizards
  6 rats
155 creatures vanquished.

Vanquished Creatures (others)
  A leopard gecko (D:6)
  A bush (D:6)
2 creatures vanquished.

Grand Total: 157 creatures vanquished

Notes
Turn   | Place    | Note
-------+----------+-------------------------------------------
     0 | D:1      | TheTootler the Hill Orc Berserker began the quest for the
                  | Orb.
     0 | D:1      | Reached XP level 1. HP: 19/19 MP: 1/1
   274 | D:1      | Reached XP level 2. HP: 19/27 MP: 2/2
   310 | D:1      | Found a shimmering altar of Xom.
  1149 | D:2      | Reached XP level 3. HP: 29/33 MP: 3/3
  1197 | D:2      | Reached ** piety under Trog
  1239 | D:2      | Noticed Jessica
  1250 | D:2      | Killed Jessica
  1250 | D:2      | Reached XP level 4. HP: 24/41 MP: 4/4
  1355 | D:2      | Found a runed translucent door.
  1356 | D:2      | Noticed Crazy Yiuf
  1453 | D:2      | Killed Crazy Yiuf
  1816 | D:2      | Found a glowing golden altar of the Shining One.
  1947 | D:3      | Reached XP level 5. HP: 44/47 MP: 5/5
  2018 | D:3      | Reached skill level 5 in Maces & Flails
  2279 | D:3      | Reached *** piety under Trog
  2326 | D:3      | Noticed Natasha
  2341 | D:3      | Killed Natasha
  2603 | D:3      | Noticed Natasha
  2612 | D:3      | Killed Natasha
  2612 | D:3      | Reached skill level 1 in Shields
  2612 | D:3      | Reached XP level 6. HP: 51/55 MP: 6/6
  2717 | D:4      | Reached skill level 5 in Fighting
  2827 | D:4      | Gained mutation: You are dopey. (Int -2) [potion of
                  | mutation]
  2827 | D:4      | Gained mutation: You are resistant to hostile enchantments.
                  | (MR+) [potion of mutation]
  2827 | D:4      | Gained mutation: Your flesh is heat resistant. (rF+)
                  | [potion of mutation]
  3322 | D:4      | Reached XP level 7. HP: 10/61 MP: 7/7
  3591 | D:3      | Noticed Natasha
  3630 | D:4      | Got a smoking trident
  3631 | D:4      | Identified the +7 trident "Avuri" {drain, -Tele rC++ Dex+2
                  | Stlth+} (You found it on level 4 of the Dungeon)
  3643 | D:3      | Killed Natasha
  3643 | D:3      | Reached skill level 1 in Polearms
  3891 | D:4      | Found a staircase to the Ecumenical Temple.
  4012 | D:4      | Found a white marble altar of Elyvilon.
  4028 | D:4      | Reached **** piety under Trog
  4284 | D:4      | Reached XP level 8. HP: 70/70 MP: 8/8
  4292 | D:5      | Entered Level 5 of the Dungeon
  4392 | D:5      | Noticed Ijyb
  4401 | D:5      | Killed Ijyb
  5004 | D:6      | Reached skill level 5 in Armour
  5096 | D:6      | Reached skill level 5 in Polearms
  5221 | D:6      | Noticed Prince Ribbit
  5245 | D:6      | Killed Prince Ribbit
  5245 | D:6      | Reached XP level 9. HP: 73/78 MP: 9/9
  5412 | D:6      | Reached skill level 5 in Shields
  5721 | D:7      | Noticed a hellwing
  5722 | D:7      | Noticed a hellwing
  5762 | D:7      | HP: 4/117 [redback zombie (7)]
  5763 | D:7      | Killed a hellwing
  5775 | D:7      | HP: 1/78 [centaur warrior skeleton (3)]
  5803 | D:7      | HP: 1/78 [hellwing (3)]
  5804 | D:7      | Slain by a hellwing

Skill      XL: |  1  2  3  4  5  6  7  8  9 |
---------------+----------------------------+-----
Fighting       | 4 5 6 |  6.8
Maces & Flails | 4 5 |  5.9
Armour         | 3 4 5 7 |  7.0
Dodging        | 2 3 |  3.3
Shields        | 1 3 4 6 |  6.8
Polearms       | 2 6 7 |  7.2
Stealth        | |  0.3

Action                   |  1- 3 |  4- 6 |  7- 9 || total
-------------------------+-------+-------+-------++-------
Melee: Mace              |    88 |   265 |    16 ||   369
       Trident           |       |       |   257 ||   257
Invok: Berserk           |       |       |     1 ||     1
  Use: Scroll            |     5 |     5 |     6 ||    16
       Potion            |       |     5 |     5 ||    10
  Eat: Ration            |     2 |     2 |     1 ||     5
       Chunk             |       |       |     2 ||     2
Armor: Animal skin       |     4 |       |       ||     4
       Chain mail        |    36 |   189 |   144 ||   369
       Ring mail         |     8 |       |       ||     8
Dodge: Dodged            |    46 |    92 |    72 ||   210
Block: Other             |    11 |     8 |     1 ||    20
       Shield            |       |   120 |    72 ||   192
       Reflection        |       |     2 |       ||     2
       Large shield      |       |       |   208 ||   208
